AoeStats
← AOE2.GG | NONO

Lombardia

510272658Analyzed
4v4 RM · 13h ago on Sep 30, 2026· 80m 13s· 8 players
Game mode
Random Map
Map size
Large (8 player)
Population
200
Speed
Normal
Resources
Standard
Victory
Conquest
Starting age
Dark Age
Ending age
Imperial Age
RankedLock teamsTeams togetherTeam positionsShared explorationLock speedFull tech treeHidden civsTurbo modeCheats
Victory
Defeat
🇨🇳 Britons · China
1529
+12
🇨🇳 Mongols · China
1446
+16
🇭🇰 Gurjaras · Hong Kong SAR China
1411
+17
🇨🇳 Persians · China
1337
+20
🇹🇼 Franks · Taiwan
1542
-20
🇩🇪 Vietnamese · Germany
1436
-16
🇭🇰 Mongols · Hong Kong SAR China
1423
-16
🇩🇪 Khmer · Germany
1355
-13
Kawa
7:42 Loom
10:57 Feudal Age
15:20 Castle Age
13:17 Double-Bit Axe
13:47 Horse Collar
16:49 Heavy Plow
17:01 Bow Saw
17:30 Wheelbarrow
23:23 Caravan
25:17 Hand Cart
24:50 Town Watch
25:55 Gold Mining
25:55 Stone Mining
27:55 Town Patrol
28:51 Fletching
29:01 Padded Archer Armor
29:24 Ballistics
29:23 Fortified Wall
29:09 Murder Holes
29:59 Bodkin Arrow
30:18 Masonry
29:49 Treadmill Crane
32:43 Imperial Age
32:11 Leather Archer Armor
32:35 Thumb Ring
31:53 Elite Skirmisher
32:57 Scale Barding Armor
33:02 Forging
32:20 Light Cavalry
32:55 Elite Rattan Archer
33:37 Bracer
34:09 Ring Archer Armor
35:42 Chemistry
34:48 Siege Engineers
35:06 Chain Barding Armor
34:56 Forging
34:58 Bloodlines
34:48 Husbandry
39:09 Plate Barding Armor
39:09 Iron Casting
39:19 Paper Money
42:00 Elite Battle Elephant
42:44 Scale Mail Armor
45:54 Chatras
46:30 Hoardings
Jhih
10:52 Feudal Age
12:27 Double-Bit Axe
15:02 Castle Age
15:01 Forging
14:57 Scale Barding Armor
15:57 Bow Saw
23:31 Gold Mining
25:43 Wheelbarrow
26:19 Gold Shaft Mining
27:50 Loom
28:21 Hand Cart
31:01 Imperial Age
30:01 Chain Barding Armor
30:17 Iron Casting
29:43 Husbandry
30:29 Fortified Wall
31:12 Cavalier
32:14 Conscription
32:11 Caravan
33:24 Plate Barding Armor
33:30 Paladin
34:28 Town Watch
36:51 Blast Furnace
37:15 Chivalry
42:20 Fletching
47:18 Light Cavalry
AOE2.GG | NONO
10:57 Feudal Age
11:58 Loom
14:40 Castle Age
12:48 Double-Bit Axe
13:25 Horse Collar
17:05 Bow Saw
22:50 Stone Mining
27:22 Wheelbarrow
27:46 Fortified Wall
28:49 Stone Shaft Mining
28:10 Gold Mining
31:31 Imperial Age
29:47 Caravan
30:01 Heavy Plow
32:20 Gold Shaft Mining
32:51 Conscription
32:33 Double Crossbow
33:36 Chemistry
33:14 Hand Cart
33:44 Scale Barding Armor
33:51 Town Watch
33:50 Elite Ballista Elephant
34:55 Chain Barding Armor
35:06 Ballistics
35:19 Murder Holes
35:43 Bloodlines
36:49 Plate Barding Armor
36:21 Husbandry
37:31 Hoardings
37:27 Siege Engineers
38:03 Tusk Swords
40:15 Elite Battle Elephant
41:07 Forging
40:47 Fletching
41:17 Masonry
44:06 Iron Casting
46:24 Light Cavalry
48:28 Blast Furnace
55:12 Bodkin Arrow
70:06 Architecture
76:01 Hussar
大平果是小菜鸡他爸
10:34 Feudal Age
14:15 Castle Age
12:02 Double-Bit Axe
12:29 Horse Collar
15:39 Bow Saw
16:35 Loom
23:34 Wheelbarrow
23:33 Town Watch
23:54 Gold Mining
25:44 Hand Cart
29:26 Imperial Age
29:07 Fletching
29:49 Caravan
30:49 Drill
30:50 Conscription
30:19 Heavy Scorpion
32:57 Ballistics
34:05 Siege Engineers
34:11 Masonry
33:36 Capped Ram
33:47 Capped Ram
35:46 Hoardings
36:25 Siege Ram
39:31 Chemistry
38:27 Murder Holes
42:47 Light Cavalry
43:37 Bloodlines
44:27 Onager
49:26 Stone Mining
50:12 Bodkin Arrow
51:48 Hussar
55:31 Gold Shaft Mining
55:23 Nomads
59:25 Bracer
68:39 Husbandry
69:00 Scale Barding Armor
69:07 Forging
71:13 Chain Barding Armor
班长
11:54 Feudal Age
15:45 Castle Age
13:54 Double-Bit Axe
14:07 Horse Collar
21:11 Bow Saw
22:44 Heavy Plow
26:02 Wheelbarrow
30:14 Imperial Age
28:16 Husbandry
28:27 Bloodlines
29:10 Stone Mining
29:15 Gold Mining
29:43 Loom
30:14 Hand Cart
29:45 Town Watch
30:47 Gold Shaft Mining
30:45 Cavalier
32:40 Guilds
33:01 Coinage
32:31 Caravan
33:09 Masonry
32:55 Murder Holes
32:25 Savar
34:08 Conscription
34:40 Scale Barding Armor
34:45 Forging
34:26 Fletching
35:25 Banking
35:44 Chain Barding Armor
35:19 Fletching
36:03 Architecture
35:54 Ballistics
36:34 Chemistry
36:19 Kamandaran
36:29 Citadels
37:46 Two-Man Saw
37:34 Plate Barding Armor
37:36 Iron Casting
36:57 Bodkin Arrow
36:58 Guard Tower
36:42 Light Cavalry
36:58 Onager
38:05 Hussar
56:14 Scale Mail Armor
57:15 Blast Furnace
55:41 Pikeman
56:21 Squires
56:07 Arson
64:01 Chain Mail Armor
63:46 Padded Archer Armor
64:00 Halberdier
69:16 Plate Mail Armor
白色风车
9:45 Feudal Age
15:39 Castle Age
13:59 Double-Bit Axe
13:57 Horse Collar
17:11 Wheelbarrow
22:13 Bow Saw
22:13 Heavy Plow
28:57 Imperial Age
27:12 Fletching
27:23 Padded Archer Armor
27:23 Gold Mining
27:23 Stone Mining
28:32 Ballistics
28:26 Loom
29:00 Hand Cart
29:07 Elite Mangudai
30:29 Stone Shaft Mining
31:42 Chemistry
30:38 Bodkin Arrow
30:47 Town Watch
31:43 Bracer
31:47 Husbandry
32:57 Conscription
33:08 Leather Archer Armor
33:05 Bloodlines
33:02 Thumb Ring
34:28 Parthian Tactics
33:46 Capped Ram
35:28 Onager
36:59 Siege Onager
38:08 Siege Engineers
39:43 Masonry
40:10 Hoardings
40:35 Drill
40:39 Caravan
41:09 Fortified Wall
40:33 Siege Ram
41:49 Murder Holes
55:41 Herbal Medicine
71:53 Coinage
74:05 Heavy Scorpion
大平果是小菜鸡父亲
10:27 Feudal Age
14:21 Castle Age
12:29 Double-Bit Axe
12:57 Horse Collar
15:31 Bow Saw
20:04 Wheelbarrow
21:09 Heavy Plow
22:47 Gold Mining
23:33 Hand Cart
24:20 Gold Shaft Mining
24:20 Stone Mining
28:05 Imperial Age
25:22 Loom
25:43 Town Watch
26:53 Stone Shaft Mining
26:33 Scale Barding Armor
26:38 Forging
28:11 Chain Barding Armor
29:15 Iron Casting
29:17 Crop Rotation
29:41 Plate Barding Armor
29:56 Town Patrol
31:09 Kshatriyas
31:25 Conscription
31:28 Frontier Guards
31:21 Bloodlines
31:12 Husbandry
31:39 Caravan
31:11 Elite Shrivamsha Rider
32:48 Heavy Camel Rider
32:49 Light Cavalry
34:13 Hussar
36:01 Fletching
35:34 Elite Chakram Thrower
38:17 Coinage
41:20 Banking
40:53 Onager
43:58 Chemistry
42:39 Treadmill Crane
44:51 Siege Elephant
47:26 Ballistics
大山鸡
11:02 Feudal Age
15:20 Castle Age
14:15 Double-Bit Axe
14:13 Horse Collar
17:23 Bow Saw
23:15 Wheelbarrow
22:52 Heavy Plow
28:39 Imperial Age
28:45 Imperial Age
26:02 Loom
26:03 Town Watch
26:28 Fletching
26:43 Padded Archer Armor
26:54 Stone Mining
26:55 Gold Mining
28:12 Gold Shaft Mining
27:34 Bodkin Arrow
28:54 Leather Archer Armor
29:14 Fortified Wall
29:16 Caravan
29:44 Bracer
30:29 Coinage
31:16 Ring Archer Armor
31:14 Hand Cart
31:00 Town Patrol
32:18 Two-Man Saw
32:08 Conscription
33:20 Chemistry
32:24 Elite Longbowman
33:44 Ballistics
33:05 Treadmill Crane
36:52 Hoardings
37:10 Yeomen
47:02 Banking
46:43 Guilds
50:25 Town Patrol
50:36 Forging
50:27 Scale Mail Armor
54:51 Warwolf
73:40 Guard Tower
73:36 Arrowslits
74:02 Masonry
73:57 Siege Engineers
Connection lost

Rejoining the realm…

Still unreachable

The connection could not be restored.

Session expired

The server has moved on; the page needs a fresh start.